 Dungeon Crawl Stone Soup version 0.31-a0-18-gea43df2a32 (webtiles) character file.

Game seed: 10790922440686752178

98 sircluck the Slasher (level 4, -1/35 (37) HPs)
             Began as a Demonspawn Berserker on May 11, 2023.
             Was a Believer of Trog.
             Slain by Crazy Yiuf
             ... wielding a +4 quarterstaff of chaos
              (4 damage)
             ... on level 2 of the Dungeon.
             The game lasted 00:02:22 (1709 turns).

sircluck the Slasher (Demonspawn Berserker)         Turns: 1709, Time: 00:02:23

HP:   -1/35 (37)    AC:  2    Str: 19    XL:     4   Next: 44%
MP:   4/4           EV: 12    Int:  9    God:    Trog [**....]
Gold: 61            SH:  0    Dex: 12    Spells: 3/3 levels left

rFire   . . .        a - +0 falchion
rCold   . . .        (no shield)
rNeg    . . .        b - +0 animal skin
rPois   .            (helmet restricted)
rElec   .            (no cloak)
rCorr   .            (no gloves)
SInv    .            (no boots)
Will    .....        (no amulet)
Stlth   ++           (no ring)
HPRegen 0.25/turn    (no ring)
MPRegen 0.18/turn

%: no passive effects
@: drained
A: horns 2, magic regeneration
a: Renounce Religion, Berserk, Trog's Hand


You were on level 2 of the Dungeon.
You worshipped Trog.
Trog was pleased with you.
You visited 1 branch of the dungeon, and saw 2 of its levels.

You collected 61 gold pieces.

Inventory:

Hand Weapons
 a - a +0 falchion (weapon)
 n - a +3 hammer
Armour
 b - a +0 animal skin (worn)
 j - a +0 kite shield
Wands
 l - a wand of digging (3)
Scrolls
 c - a scroll of blinking {unknown}
 d - 2 scrolls of identify {unknown}
 f - a scroll of noise {unknown}
 g - 3 scrolls of immolation {unknown}
 h - a scroll of fear {unknown}
 i - a scroll of vulnerability {unknown}
 k - a scroll of enchant weapon {unknown}
Potions
 e - 2 potions of degeneration {unknown}
 m - a potion of attraction {unknown}


   Skills:
 + Level 3.7 Fighting
 + Level 3.7 Long Blades
 + Level 1.9 Armour
 + Level 2.2 Dodging
 + Level 1.2 Stealth


You had 3 spell levels left.
You didn't know any spells.
Your spell library was empty.

Dungeon Overview and Level Annotations

Branches:
Dungeon (2/15)

Altars:

Shops:
D:1 [

Annotations:
D:2 Crazy Yiuf


Innate Abilities, Weirdness & Mutations

You have a pair of horns on your head.
You regenerate magic rapidly.


Message History

You see here a +2 sling of electrocution.
There is a stone staircase leading down here.
Key pressed, stopping explore.
No target in view!
Key pressed, stopping explore.
No target in view!
You see here a +0 hammer.
You see here a +0 hammer.
You see here a +3 hammer.
Key pressed, stopping explore.
No reachable target in view!
Crazy Yiuf shouts!
You see here a +0 hammer.
You see here a +0 hammer.
No reachable target in view!
Could not explore, unopened runed door.
No reachable target in view!
Could not explore, unopened runed door.
No reachable target in view!
Could not explore, unopened runed door.
No reachable target in view!
You see here a +0 hammer.
You see here a +3 hammer.
n - a +3 hammer You see here a +0 hammer.
You see here a +0 hammer.
You open the door. You hit Crazy Yiuf but do no damage.
Crazy Yiuf hits you with a +4 quarterstaff of chaos!
You feel drained.
You hit Crazy Yiuf.
Crazy Yiuf is moderately wounded.
Crazy Yiuf hits you with a +4 quarterstaff of chaos!
You hit Crazy Yiuf.
Crazy Yiuf is heavily wounded.
Crazy Yiuf says, "Blight agre sizzlefizz!"
Crazy Yiuf hits you with a +4 quarterstaff of chaos!
* * * LOW HITPOINT WARNING * * *
Crazy Yiuf freezes you.
You die...

....# #.# ####.# #.#
#~~# #~# ##..# #.#
### ### #~~# #~#
....# #.# #~## #~#
.##.# #.# ##### ##~#
#.. .##.# #.# #).)#
#~~# ##. .##.# #.#
#)))# ##~~# #.
.##.###.# ))) ##~~##
## .##..<#.# #g#
#~~~# .####.#.# ♣♣@♣
#.~## .####.#.# ♣)♣♣
#.~# ......#.## ♣♣.♣
#.## ####)....# ♣)♣♣
##.# #.....### ♣♣)♣
#..# #.#.....#
♣).♣♣♣ ####
#>#.#...# ♣....♣
####.##....# #....#
####
.....##..#####....##
#...


You could see Crazy Yiuf.

Vanquished Creatures
  Jessica (D:2)
  Terence (D:2)
  An adder (D:2)
  A dart slug (D:1)
  4 ball pythons (D:1)
  5 bats
  An endoplasm (D:1)
  2 giant cockroaches (D:1)
  A goblin (D:1)
  5 hobgoblins (D:1)
  A quokka (D:1)
  A frilled lizard (D:1)
  6 kobolds
  6 rats
36 creatures vanquished.

Notes
Turn   | Place    | Note
-------+----------+-------------------------------------------
     0 | D:1      | sircluck the Demonspawn Berserker began the quest for the
                  | Orb.
     0 | D:1      | Reached XP level 1. HP: 18/18 MP: 1/1
   104 | D:1      | Gained mutation: You have a pair of small horns on your
                  | head. [demonic ancestry]
   104 | D:1      | Reached XP level 2. HP: 21/24 MP: 2/2
   351 | D:1      | Found Gueqazy's Antique Armour Shop.
   538 | D:1      | Gained mutation: You regenerate magic rapidly. [demonic
                  | ancestry]
   538 | D:1      | Reached XP level 3. HP: 27/29 MP: 3/3
   581 | D:1      | Reached ** piety under Trog
   758 | D:1      | Found a faded altar of an unknown god.
   921 | D:2      | Noticed Jessica
   927 | D:2      | Killed Jessica
  1028 | D:2      | Found a runed translucent door.
  1029 | D:2      | Noticed Crazy Yiuf
  1255 | D:2      | Gained mutation: You have a pair of horns on your head.
                  | [demonic ancestry]
  1255 | D:2      | Reached XP level 4. HP: 36/36 MP: 4/4
  1513 | D:2      | Noticed Terence
  1522 | D:2      | Killed Terence
  1523 | D:2      | Reached skill level 1 in Stealth
  1709 | D:2      | Slain by Crazy Yiuf

Illustrated notes

Levels and vault maps discovered:
D:1:      saegor_arrival_miasma, layout_loops_ring, serial_shops,
          nicolae_diamond_shop, shapermc_ecumenical_altar_ellora
D:2:      layout_loops_ring, chequers_serial_rivers_large_b, uniq_jessica,
          uniq_crazy_yiuf_cottage, uniq_terence

Skill      XL: |  1  2  3  4 |
---------------+-------------+-----
Long Blades    | 3 |  3.7
Dodging        | 2 |  2.2
Stealth        | 1 |  1.2
Fighting       | |  3.7
Armour         | |  1.9

Action                     |  1- 3 |  4- 6 || total
---------------------------+-------+-------++-------
  Melee: Falchion          |    81 |    17 ||    98
         Headbutt          |     3 |     3 ||     6
   Stab: Sleeping          |     4 |       ||     4
 Armour: Animal skin       |    12 |     2 ||    14
  Dodge: Dodged            |    56 |    21 ||    77

Table legend: (Time is in decaauts)
 A = Elapsed time spent in this place.
 B = Non-inter-level travel time spent in this place.
 C = Inter-level travel time spent in this place.
 D = Time resting spent in this place.
 E = Time spent auto-exploring this place.
 F = Levels seen in this place.
 G = Mean time per level.
                   A        B        C        D        E       F      G
               +--------+--------+--------+--------+--------+-----+--------+
         Total |   1772 |   1708 |     64 |      0 |   1429 |   2 |  886.0 |
       Dungeon |   1772 |   1708 |     64 |      0 |   1429 |   2 |  886.0 |
               +--------+--------+--------+--------+--------+-----+--------+

Top non-repeatable levels by time:
     D:1: 931 daAuts
     D:2: 841 daAuts
